[Event "ETCC Open 2023"]
[Site "Budva"]
[Date "2023.11.11"]
[Round "1.11"]
[White "Amar, Elham"]
[Black "Druska, Juraj"]
[Result "1/2-1/2"]
[ECO "C75"]
[WhiteElo "2584"]
[BlackElo "2472"]
[Annotator "TA"]
[PlyCount "105"]
[EventDate "2023.11.10"]
[EventType "team-tourn"]
[EventCountry "MNE"]
[SourceTitle "playchess.com"]
[Source "ChessBase"]
[SourceQuality "1"]
[WhiteTeam "Norway"]
[BlackTeam "Slovakia"]
[WhiteTeamCountry "NOR"]
[BlackTeamCountry "SVK"]
[TimeControl "40/5400+30:1800+30"]

1. e4 e5 2. Nf3 Nc6 3. Bb5 a6 4. Ba4 d6 5. O-O Bd7 6. c3 Nge7 7. d4 Ng6 8. Re1 Be7 9. Be3 O-O 10. Nbd2 exd4 {[%emt 0:07:26] C75: Ruy Lopez: Deferred Steinitz: 5 c3 Bd7 6 d4 without ...g6.} 11. cxd4 d5 {[%emt 0:13:56] [#]} 12. a3 $146 ({Predecessor:} 12. e5 Nb4 13. Bxd7 Qxd7 14. Nb1 f6 15. exf6 Bxf6 16. Nc3 Nc6 17. Rc1 Nce7 18. Qb3 {1-0 Martinez Alcantara,J (2607)-Lobanov,S (2536) Chessable Masters Div 3 Lose rapid 2023 (1.2)}) 12... dxe4 13. Nxe4 Bg4 14. Bxc6 bxc6 15. h3 Bxf3 16. Qxf3 f5 17. Nc3 f4 18. Bd2 Qxd4 19. Rad1 Qb6 20. Bc1 Rad8 21. Re6 {[%emt 0:06:32][%cal Oc3d5] And now Nd5! would win.} Rxd1+ 22. Qxd1 Qc5 {[%emt 0:04:26] Prevents Nd5} 23. Qd3 Bd6 (23... a5 {seems wilder.} 24. Qe4 Bh4 25. Qe2 f3) 24. Qxa6 Kh8 (24... Ne5 {keeps more tension.} 25. Qa4 Nd3 26. Qc2 Nxc1 27. Qxc1 f3) 25. Qa4 Qf5 ({Black should play} 25... f3 $11) 26. Qe4 $14 Qf7 27. Bd2 $2 (27. f3 $1 $14 {stays ahead.}) 27... Rb8 ({Better is} 27... Rd8 $1 $17 28. Qc4 Ne5 29. Rxd6 (29. Qxf4 $2 Qxe6 30. Ne4 Rf8 $19) 29... cxd6 30. Qxf7 Nxf7 31. Bxf4 Ne5) 28. b4 $15 Nf8 29. Rxd6 cxd6 30. Qxc6 {[%emt 0:00:03] [#]} f3 $1 31. b5 (31. Qxf3 $11 {keeps the balance.} Qxf3 32. gxf3) (31. Qxd6 Qe8) 31... Ne6 (31... fxg2 $17 {Threatens to win with ...Ng6.} 32. Qxd6 Re8 33. Kxg2 (33. Qd5 $2 Qxd5 34. Nxd5 Rd8 $19) 33... Ng6) 32. a4 $11 fxg2 {[%emt 0:00:28][%cal Od6d5] Strongly threatening ...d5!} 33. a5 $2 (33. Qd5 $11 {and White stays safe.}) 33... Nd4 $2 (33... d5 $19 {...Rf8 is the strong threat.} 34. Nxd5 (34. Qxd5 $2 Rd8 $19 {[%mdl 64] Skewer}) 34... Qf5) 34. Qxd6 Nf3+ $1 ({Resist} 34... Qa7 35. b6 (35. Kxg2 Nxb5 36. Nxb5 Qa8+ 37. f3 Rxb5 $17) 35... Nf3+ 36. Kxg2 $16) 35. Kxg2 Nh4+ 36. Kg1 $2 (36. Kf1 $1 $11 {and White has nothing to worry.} Rf8 37. Qf4) 36... Nf3+ $2 ({Black should try} 36... Qb7 $1 $19 37. Kf1 Qg2+ 38. Ke1 Qa8) 37. Kh1 Rc8 38. b6 (38. a6 $1 $15 Qf5 39. Qg3 Nxd2 40. b6) 38... h6 $2 {[%emt 0:01:16] [#]} (38... Nxd2 $1 $19 39. Qxd2 Qf5) 39. a6 $2 {[%emt 0:00:21][%mdl 8192] [#]} (39. Qf4 $1 $16 {[%cal Rf4f7] is necessary to keep the advantage.} Qb7 40. Qe4) 39... Nxd2 $2 (39... Qc4 $1 $19 40. Kg2 Nh4+ 41. Kg1 Qxa6) 40. b7 {[%emt 0:00:35] The position is equal.} Qf3+ 41. Kg1 {[%emt 0:30:05] Really sharp!} Qxc3 42. bxc8=R+ (42. Qxd2 $5 Qa1+ $8 43. Kg2 $11) 42... Qxc8 43. a7 Nf3+ 44. Kg2 {[%emt 0:00:00] White wants to mate with Qb8.} Nh4+ (44... Ng5 {is a self mate.} 45. Qb8 Qg8 46. a8=Q Qxb8 47. Qxb8+ Kh7 48. Qe8 g6 49. h4) 45. Kh2 {[%emt 0:00:00] Intending Qb8 and mate.} Kh7 (45... Nf3+ $2 46. Kg3 Kh7 47. Qb8 $18 (47. Kxf3 Qb7+ 48. Ke2 Qxa7 $11)) 46. Qd3+ g6 47. Qa3 Qa8 48. Qe7+ Kg8 49. Qe6+ Kh7 50. Qd7+ Kg8 51. Qe6+ Kh7 52. Qe7+ Kg8 53. Qe6+ {[%emt 0:00:35] Weighted Error Value: White=0.40/Black=0.42} 1/2-1/2

[Event "ETCC Open 2023"]
[Site "Budva"]
[Date "2023.11.11"]
[Round "1.12"]
[White "Sahidi, Samir"]
[Black "Hauge, Lars Oskar"]
[Result "1/2-1/2"]
[ECO "D63"]
[WhiteElo "2464"]
[BlackElo "2498"]
[Annotator "RC"]
[PlyCount "85"]
[EventDate "2023.11.10"]
[EventType "team-tourn"]
[EventCountry "MNE"]
[SourceTitle "playchess.com"]
[Source "ChessBase"]
[SourceQuality "1"]
[WhiteTeam "Slovakia"]
[BlackTeam "Norway"]
[WhiteTeamCountry "SVK"]
[BlackTeamCountry "NOR"]
[TimeControl "40/5400+30:1800+30"]

1. d4 Nf6 2. c4 e6 3. Nf3 d5 4. Nc3 Be7 5. Bg5 O-O 6. e3 Nbd7 7. Rc1 h6 8. Bh4 c5 9. dxc5 dxc4 10. Bxc4 Nxc5 11. O-O a6 12. Nd4 Nfe4 13. Bxe7 Qxe7 14. Nxe4 Nxe4 15. Qc2 Nd6 16. Be2 Bd7 17. Qc5 Rfc8 18. Qb6 Rxc1 19. Rxc1 Rc8 20. Rd1 Be8 21. Bf3 e5 22. Ne2 Bc6 23. Bxc6 Rxc6 24. Qb4 Qe6 25. Nc3 Kh7 26. h3 b5 27. b3 Ne8 28. Nd5 Nf6 29. Nxf6+ Qxf6 30. Qe4+ g6 31. Rd2 Rd6 32. Rc2 Qf5 33. Qxf5 gxf5 34. Kf1 Kg7 35. Ke2 Kf6 36. Rc8 Ke7 37. Rh8 Rc6 38. Kd2 Rd6+ 39. Kc3 Rc6+ 40. Kd3 Rd6+ 41. Kc3 Rc6+ 42. Kb2 Rd6 43. Kc3 1/2-1/2

[Event "ETCC Open 2023"]
[Site "Budva"]
[Date "2023.11.11"]
[Round "1.13"]
[White "Deac, Bogdan-Daniel"]
[Black "Dragnev, Valentin"]
[Result "1/2-1/2"]
[ECO "D02"]
[WhiteElo "2700"]
[BlackElo "2589"]
[Annotator "TA"]
[PlyCount "194"]
[EventDate "2023.11.10"]
[EventType "team-tourn"]
[EventCountry "MNE"]
[SourceTitle "playchess.com"]
[Source "ChessBase"]
[SourceQuality "1"]
[WhiteTeam "Romania"]
[BlackTeam "Austria"]
[WhiteTeamCountry "ROU"]
[BlackTeamCountry "AUT"]
[TimeControl "40/5400+30:1800+30"]

1. Nf3 Nf6 2. g3 e6 3. Bg2 Be7 4. O-O O-O 5. d4 d5 6. a3 b6 7. c4 c6 8. Qc2 Bb7 9. Rd1 Nbd7 10. Nc3 h6 11. Nd2 Rc8 12. b3 c5 13. dxc5 Bxc5 14. e3 Qc7 (14... Be7 $5 ) 15. cxd5 exd5 16. Bb2 (16. Nb5 $5 Qb8 17. Qf5 $11) 16... d4 17. Nb5 Qb8 18. Bxb7 (18. Nxd4 $2 {perishes.} Bxd4 19. Nc4 Bxg2 20. Kxg2 Qb7+ 21. f3 Bxe3 $19) (18. exd4 {feels hotter.} Bxd4 19. Nc4 Bxg2 20. Kxg2 Be5 21. Qb1) 18... Qxb7 19. exd4 Bxd4 20. Nc4 Bxb2 21. Qxb2 Rc5 22. a4 Ng4 23. Qe2 Nde5 24. Nxe5 Nxe5 25. Nd6 Nf3+ 26. Kh1 Rh5 27. h4 Qa8 28. Qe4 Qxe4 29. Nxe4 Nxh4 30. Rd7 (30. Kg1 $11 {is more appropriate.}) 30... Re8 31. Nc3 Ng6+ 32. Kg2 Rc5 33. Nb5 a6 34. Nc7 (34. Nd4 $1 $11) 34... Re2 $17 35. Nxa6 Rcc2 36. Rf1 Ne5 37. Rd8+ Kh7 38. Re8 Nd3 ({Black should try} 38... Kg6 $17 39. Nb4 Rcd2) 39. Rxe2 $15 Rxe2 40. Kf3 (40. Nb8 $11) 40... Rb2 $17 41. b4 Ra2 (41... Nxb4 $17 42. Nxb4 Rb3+ 43. Nd3 Rxd3+ 44. Ke2 Rb3) 42. Ke3 Nb2 43. Nc7 Rxa4 44. Nd5 Ra3+ 45. Ke2 Nc4 46. Rc1 Ra2+ 47. Ke1 b5 48. Nc3 Rb2 49. Nxb5 Rxb4 50. Rc3 Rb1+ 51. Ke2 Rb2+ 52. Ke1 Ne5 53. Nd6 Rb6 54. Nf5 Rb1+ 55. Ke2 Rb2+ 56. Ke1 Rb1+ 57. Ke2 Rb2+ 58. Ke1 $1 g6 59. f4 Ng4 60. Nd6 Rb1+ ({Better is} 60... f5 $17) 61. Ke2 Rb2+ 62. Ke1 $1 f5 63. Rc7+ Kg8 64. Nc8 Kf8 65. Ne7 Rb6 66. Kf1 Re6 67. Nd5 Rd6 68. Nb4 Rd2 69. Rc8+ Kf7 70. Rc7+ Ke8 71. Rc6 Kf7 72. Rc7+ Ke8 73. Rc6 g5 74. fxg5 hxg5 75. Rc3 Kf7 76. Nd3 Kg6 77. Ne1 Kh5 78. Nf3 Ra2 79. Rb3 Nh2+ (79... Nf6 $17 {White must now prevent ...Ne4.} 80. Re3 Ne4) 80. Nxh2 $15 Rxh2 81. Rb4 Ra2 82. Kg1 Re2 83. Ra4 Rb2 84. Rc4 Re2 85. Ra4 Re4 86. Ra2 $1 Kg4 87. Kg2 Rc4 88. Rb2 Rc3 89. Rb4+ f4 90. gxf4 gxf4 91. Rb2 Rg3+ 92. Kf2 Rd3 93. Kg2 Rg3+ 94. Kf2 Rh3 95. Kg2 f3+ 96. Kg1 Kg3 97. Rg2+ fxg2 1/2-1/2

[Event "ETCC Open 2023"]
[Site "Budva"]
[Date "2023.11.11"]
[Round "1.14"]
[White "Ragger, Markus"]
[Black "Shevchenko, Kirill"]
[Result "1/2-1/2"]
[ECO "E92"]
[WhiteElo "2615"]
[BlackElo "2665"]
[Annotator "TA"]
[PlyCount "22"]
[EventDate "2023.11.10"]
[EventType "team-tourn"]
[EventCountry "MNE"]
[SourceTitle "playchess.com"]
[Source "ChessBase"]
[SourceQuality "1"]
[WhiteTeam "Austria"]
[BlackTeam "Romania"]
[WhiteTeamCountry "AUT"]
[BlackTeamCountry "ROU"]
[TimeControl "40/5400+30:1800+30"]

1. d4 Nf6 2. c4 g6 3. Nc3 Bg7 4. e4 d6 5. Nf3 O-O 6. Be2 e5 7. O-O h6 {[%emt 0:00:01] [#]} 8. Be3 $146 ({Predecessor:} 8. dxe5 dxe5 9. Qxd8 Rxd8 10. Nxe5 Nxe4 11. Nxe4 Bxe5 12. Bxh6 Bxb2 13. Rab1 Bg7 14. Bg5 Re8 15. Bf3 Bf5 16. Rbe1 Nd7 17. Re3 Ne5 18. Nf6+ Bxf6 19. Bxf6 Nxf3+ 20. gxf3 {½-½ Bu,X (2690)-Sindarov,J (2658) Asian Games tt 2023 (5.6)}) 8... Ng4 9. Bc1 Nf6 10. Be3 {[%emt 0:02:09] 10.d5 is setting a new trend.} Ng4 11. Bc1 Nf6 {[%emt 0:03:56] A rather calm draw.  E92: King's Indian: Classical: 6 Be2 e5: 7 dxe5, 7 Be3 and Petrosian System without 7...Nbd7.} 1/2-1/2

[Event "ETCC Open 2023"]
[Site "Budva"]
[Date "2023.11.11"]
[Round "1.15"]
[White "Nisipeanu, Liviu-Dieter"]
[Black "Horvath, Dominik"]
[Result "1/2-1/2"]
[ECO "C67"]
[WhiteElo "2591"]
[BlackElo "2549"]
[Annotator "TA"]
[PlyCount "112"]
[EventDate "2023.11.10"]
[EventType "team-tourn"]
[EventCountry "MNE"]
[SourceTitle "playchess.com"]
[Source "ChessBase"]
[SourceQuality "1"]
[WhiteTeam "Romania"]
[BlackTeam "Austria"]
[WhiteTeamCountry "ROU"]
[BlackTeamCountry "AUT"]
[TimeControl "40/5400+30:1800+30"]

1. e4 e5 2. Nf3 Nc6 3. Bb5 Nf6 4. O-O Nxe4 5. d4 Nd6 6. Bxc6 dxc6 7. dxe5 Nf5 8. Qe2 Nd4 9. Nxd4 Qxd4 10. h3 {[%emt 0:00:09] White is weak on the light squares} Be6 {[%emt 0:10:51] C67: Ruy Lopez: Berlin Defence: 4 0-0 Nxe4.} 11. Rd1 Qc4 12. Rd3 (12. Qxc4 {simplifies} Bxc4 13. Be3 Be6 14. f3) 12... Rd8 13. b3 Qh4 {[%emt 0:00:24] [#]} 14. Nc3 $146 ({Predecessor:} 14. Rxd8+ Qxd8 15. Be3 Be7 16. Nc3 O-O 17. Rd1 Qc8 18. f4 Rd8 19. Rf1 g6 20. Ne4 {½-½ Vachier Lagrave,M (2749)-Karjakin,S (2757) FIDE World Cup 2021 (5.3)}) 14... Rxd3 15. Qxd3 Be7 16. Ne2 Qh5 17. Bf4 O-O 18. Re1 Rd8 19. Qc3 Qf5 20. Bg3 Qe4 {[%emt 0:07:09] Threatens to win with ...Bb4.} 21. Nf4 Qb4 22. Qxb4 Bxb4 23. Nxe6 fxe6 $15 {[%emt 0:00:06][%mdl 4096] Endgame KRB-KRB} 24. Re3 Rd1+ 25. Kh2 {[%emt 0:00:00] [#]} Kf7 (25... Rd2 $1 $17) 26. Rd3 Rxd3 27. cxd3 $11 {[%emt 0:00:00] KB-KB} Bc5 28. Bh4 h6 29. g4 (29. f4 $14) 29... g5 30. Bg3 Kg6 31. Kg2 h5 32. Kf3 a6 33. Ke2 Bd4 34. Kf3 Bc5 35. Ke2 Bd4 36. f3 Kh6 37. f4 {[%emt 0:02:25] Black must now prevent f5.} hxg4 38. hxg4 {[%emt 0:00:06] f5 would be deadly.} gxf4 39. Bxf4+ Kg6 40. Kf3 Bc5 41. Bd2 Be7 42. Ba5 b6 43. Bd2 Bf8 44. Kg2 Be7 45. Be1 Bg5 46. Kh3 Bf4 47. Bg3 Bh6 48. a4 Bf8 {[%emt 0:00:00] The position is equal.} 49. Kg2 Be7 {[%emt 0:00:00] Wards off Bh4} 50. Kf3 Kh6 51. Be1 Kg6 52. Kg3 Bf8 53. Kf3 Be7 {[%emt 0:00:00] Prevents Bh4.} 54. Kg2 Bg5 55. Bg3 Be7 56. Kh3 Bf8 {[%emt 0:00:00] Weighted Error Value: White=0.07 (flawless) /Black=0.06 (flawless)} 1/2-1/2

[Event "ETCC Open 2023"]
[Site "Budva"]
[Date "2023.11.11"]
[Round "1.16"]
[White "Blohberger, Felix"]
[Black "Lupulescu, Constantin"]
[Result "1/2-1/2"]
[ECO "E08"]
[WhiteElo "2513"]
[BlackElo "2582"]
[Annotator "TA"]
[PlyCount "74"]
[EventDate "2023.11.10"]
[EventType "team-tourn"]
[EventCountry "MNE"]
[SourceTitle "playchess.com"]
[Source "ChessBase"]
[SourceQuality "1"]
[WhiteTeam "Austria"]
[BlackTeam "Romania"]
[WhiteTeamCountry "AUT"]
[BlackTeamCountry "ROU"]
[TimeControl "40/5400+30:1800+30"]

1. d4 Nf6 2. c4 e6 3. Nf3 d5 4. g3 Bb4+ 5. Bd2 Be7 6. Bg2 c6 7. Qc2 Nbd7 8. O-O O-O 9. Bf4 a5 10. h4 {[%emt 0:00:26] [#] E08: Closed Catalan: Main Line: 7 Qc2.} Nh5 $146 ({Predecessor:} 10... a4 11. a3 h6 12. Nc3 dxc4 13. e4 b5 14. Rad1 Bb7 15. Bh3 c5 16. dxc5 Qc8 17. Bd6 Re8 {0-1 Abasov,N (2679)-Firouzja,A (2777) FIDE Grand Swiss 2023 (4)}) 11. Bg5 b6 12. Nbd2 {[%emt 0:07:05] White is slightly better.} Nhf6 $1 13. e4 h6 14. Bxf6 {[%emt 0:13:21] The position is equal.} Nxf6 15. e5 Nd7 16. cxd5 cxd5 17. Rfc1 Ba6 18. Bf1 Bxf1 19. Kxf1 Qc8 20. Qd3 Qb7 21. Rc2 Rfc8 22. Rac1 Bd8 23. Qb5 Rxc2 24. Rxc2 Rc8 25. Rxc8 Qxc8 26. Kg2 Kf8 27. Nb1 Nb8 28. Qd3 Kg8 {[%emt 0:00:00] Prevents Qh7+.} 29. Nc3 Nc6 30. h5 Nb4 31. Qb5 {[%emt 0:02:04] [#] Strongly threatening Qe8+.} Qc6 {[%emt 0:00:00] Prevents Qe8+.} 32. Qe2 {[%emt 0:01:37] aiming for a3.} Qb7 33. a3 Nc6 34. Qb5 Kf8 35. Qd3 Kg8 36. Qb5 Kf8 37. Qd3 Kg8 {[%emt 0:00:00] Against Qh7+. Not much happened in this game.   Weighted Error Value: White=0.05 (flawless) /Black=0.05 (flawless)} 1/2-1/2

[Event "ETCC Open 2023"]
[Site "Budva"]
[Date "2023.11.11"]
[Round "1.17"]
[White "Grandelius, Nils"]
[Black "Keymer, Vincent"]
[Result "1/2-1/2"]
[ECO "C88"]
[WhiteElo "2688"]
[BlackElo "2721"]
[Annotator "TA"]
[PlyCount "60"]
[EventDate "2023.11.10"]
[EventType "team-tourn"]
[EventCountry "MNE"]
[SourceTitle "playchess.com"]
[Source "ChessBase"]
[SourceQuality "1"]
[WhiteTeam "Sweden"]
[BlackTeam "Germany"]
[WhiteTeamCountry "SWE"]
[BlackTeamCountry "GER"]
[TimeControl "40/5400+30:1800+30"]

1. e4 e5 2. Nf3 Nc6 3. Bb5 a6 4. Ba4 Nf6 5. O-O Be7 6. Re1 b5 7. Bb3 O-O 8. a4 b4 9. d4 d6 10. dxe5 Nxe5 11. Nxe5 {[%emt 0:01:51] C88: Closed Ruy Lopez: Anti-Marshall Systems.} dxe5 {[%emt 0:00:04] The position is equal.} 12. Qe2 Bc5 13. Nd2 a5 14. Nc4 Ng4 15. Ne3 $1 Qh4 16. h3 Nh6 {[%emt 0:00:08][%cal Oa8a6] [#]} 17. Nf1 $146 ({Predecessor:} 17. Rd1 Ra6 18. Rd5 Bd4 19. c3 bxc3 20. bxc3 Bxc3 21. Bb2 Bxb2 22. Qxb2 Bxh3 23. Qxe5 Be6 24. Rb5 Rd6 25. Rc1 {½-½ Kasabasic,D (2387)-Kahl,F (2416) ST-2020-0-00136}) 17... Ng4 $1 18. Ne3 (18. hxg4 $2 Bxg4 $19) 18... Nh6 19. Nd5 Ra6 $1 {[%emt 0:01:37] [#] ...Rg6 is the strong threat.} 20. Be3 (20. Nxc7 $2 Rg6 21. Be3 Bxh3 $19) 20... Bxe3 21. Qxe3 {[%emt 0:00:08] Hoping for Qc5.} Rg6 {[%emt 0:00:20] aiming for ...c6.} 22. Qc5 (22. Nxc7 Bxh3 23. g3 Qh5 $17) 22... Re8 {[%emt 0:00:19] Wards off Ne7+} 23. Rad1 {[%emt 0:00:49][%cal Od5e7] And now Ne7+! would win.} Kh8 $1 (23... Qxh3 $2 24. Ne7+ (24. Qxa5 $2 Qxg2#) 24... Kh8 25. Nxg6+ hxg6 26. gxh3 $18) 24. Kf1 Rxg2 $1 {[%emt 0:36:20][%mdl 64] [#] Decoy} 25. Kxg2 Qxh3+ 26. Kg1 Qg4+ 27. Kh2 ({Not} 27. Kf1 $2 Qf3 28. Re3 (28. Qxa5 $2 Bh3+ 29. Kg1 Qg2#) 28... Qxd1+ 29. Kg2 Qg4+ 30. Kf1 Qh4 $19) 27... Qh5+ 28. Kg1 {[%emt 0:00:20] Rd3 would be deadly.} Qg4+ 29. Kh2 {[%emt 0:00:26] Black must now prevent Rd3.} ({Don't go for} 29. Kf1 $2 Qf3 30. Re3 (30. Qxa5 $2 {is a self mate.} Bh3+ 31. Kg1 Qg2#) 30... Qxd1+ 31. Kg2 Qg4+ 32. Kf1 Qh5 $19) 29... Qh5+ 30. Kg1 {[%emt 0:00:05] Threatens to win with Rd3.} Qg4+ {[%emt 0:00:04] A rather calm draw.   Weighted Error Value: White=0.01 (flawless) /Black=0.00 (flawless)} 1/2-1/2

[Event "ETCC Open 2023"]
[Site "Budva"]
[Date "2023.11.11"]
[Round "1.18"]
[White "Svane, Rasmus"]
[Black "Hillarp Persson, Tiger"]
[Result "1/2-1/2"]
[ECO "D45"]
[WhiteElo "2647"]
[BlackElo "2502"]
[Annotator "TA"]
[PlyCount "123"]
[EventDate "2023.11.10"]
[EventType "team-tourn"]
[EventCountry "MNE"]
[SourceTitle "playchess.com"]
[Source "ChessBase"]
[SourceQuality "1"]
[WhiteTeam "Germany"]
[BlackTeam "Sweden"]
[WhiteTeamCountry "GER"]
[BlackTeamCountry "SWE"]
[TimeControl "40/5400+30:1800+30"]

1. d4 Nf6 2. c4 e6 3. Nf3 d5 4. Nc3 c6 5. e3 a6 6. b3 Bb4 7. Bd2 O-O 8. Bd3 Nbd7 9. Qc2 {[%emt 0:03:36] D45: Semi-Slav: 5 e3.} Qe7 10. O-O h6 {[%emt 0:05:14] is the legacy move (10...e5).} (10... e5 {looks sharper.} 11. Nxe5 Nxe5 12. dxe5 Qxe5 13. Nxd5 Nxd5 14. cxd5 Bxd2 15. Qxd2 Qxd5 16. Qc3 Qd6) 11. Rad1 {[%emt 0:08:01] [#] White has an edge.} e5 $5 $146 {[%emt 0:12:25][%mdl 8] An interesting novelty.} ({Predecessor:} 11... Re8 12. h3 dxc4 13. bxc4 e5 14. Ne4 Nxe4 15. Bxb4 Qxb4 16. Bxe4 exd4 17. exd4 Nf6 {½-½ Akopian,V (2693)-Gurevich,M (2656) FRA-chT Poule Haute 2004 (10)}) 12. dxe5 Nxe5 13. Nxe5 Qxe5 {[%emt 0:00:13] [#]} 14. Nxd5 $1 Nxd5 15. cxd5 Bxd2 $1 16. Rxd2 cxd5 17. Qc5 {[%emt 0:04:35][%cal Od3h7] Strongly threatening Bh7+!} Be6 18. Qb6 (18. f4 $5 Qf6 19. f5 $14) 18... Rfb8 19. Rfd1 {[%emt 0:04:01] White is more active.} a5 20. Be2 a4 21. Bf3 axb3 22. axb3 Qc3 23. h3 (23. Bxd5 $2 {too greedy.} Qxd2 24. Bf3 Qc3 $19) 23... Ra6 24. Qd4 (24. Qb5 {simplifies} Ra5 25. Qd3 Qxd3 26. Rxd3 Rb5 27. Bxd5 Bxd5 28. Rxd5 Rxb3 29. Re5) 24... Qxb3 25. Qe5 Rd8 26. Rb2 Qc4 (26... f6 $2 27. Qxe6+ (27. Rxb3 fxe5 28. Rxb7 d4 $11) 27... Rxe6 28. Rxb3 $18) 27. Rxb7 Ra2 28. Rb2 Rxb2 29. Qxb2 Ra8 30. Qe5 (30. Rd4 $5 Qc5 31. g4 $14) 30... Qc2 {[%emt 0:01:15] The position is equal.} 31. Rf1 Qd2 32. Bg4 (32. g3 {feels hotter.} Ra2 33. Kg2 g6 34. g4) 32... Bxg4 33. hxg4 $11 {[%emt 0:00:02][%mdl 4096] Endgame KQR-KQR} Qd3 34. Rc1 Qe4 35. Qf5 (35. Qxe4 {simplifies} dxe4 36. Kh2 g6 37. Kg3) 35... g6 36. Qd7 (36. Qxe4 {simplifies} dxe4 37. Rc4 Re8 38. Kh2) 36... Qe6 37. Qxe6 fxe6 {[%emt 0:00:07] KR-KR} 38. Rc7 Rf8 39. Re7 Rf6 40. f3 Kf8 41. Rh7 g5 42. Kf2 Kg8 43. Rd7 Rf7 44. Rd6 Re7 45. g3 Kf7 46. f4 Kf6 47. Kf3 Ra7 48. Rb6 Rg7 49. Ra6 Rg8 50. Ra7 Rb8 51. Ra6 Rg8 52. Rc6 (52. f5 $5 Re8 $8 53. Kf2 $11) 52... Ra8 53. Rb6 Rg8 54. f5 Re8 55. e4 dxe4+ ({Much less strong is} 55... d4 56. Ke2 Kf7 57. Kd3 $14) 56. Kxe4 Re7 57. Rd6 Re8 58. Rc6 Re7 59. Kd4 Re8 60. Rb6 Re7 61. Ke4 Re8 62. Rc6 {[%emt 0:00:50] Weighted Error Value: White=0.06 (flawless) /Black=0.05 (flawless)} 1/2-1/2

[Event "ETCC Open 2023"]
[Site "Budva"]
[Date "2023.11.11"]
[Round "1.19"]
[White "Sorensen, Hampus"]
[Black "Bluebaum, Matthias"]
[Result "1/2-1/2"]
[ECO "D11"]
[WhiteElo "2479"]
[BlackElo "2670"]
[Annotator "TA"]
[PlyCount "114"]
[EventDate "2023.11.10"]
[EventType "team-tourn"]
[EventCountry "MNE"]
[SourceTitle "playchess.com"]
[Source "ChessBase"]
[SourceQuality "1"]
[WhiteTeam "Sweden"]
[BlackTeam "Germany"]
[WhiteTeamCountry "SWE"]
[BlackTeamCountry "GER"]
[TimeControl "40/5400+30:1800+30"]

1. d4 d5 2. c4 c6 3. Nf3 Nf6 4. Nbd2 Bf5 5. Nh4 Be6 6. e3 {[%emt 0:03:14] D11: Slav Defence: 3 Nf3 sidelines and 3...Nf6 4 e3 Bg4.} g5 7. Nhf3 g4 8. Ne5 h5 9. b3 Nbd7 10. Bb2 {[%emt 0:01:11] [#]} Bg7 $146 ({Predecessor:} 10... Nxe5 11. dxe5 Ne4 12. Nxe4 dxe4 13. Qc2 Bf5 14. g3 e6 15. Bc3 h4 16. Rd1 Qg5 {½-½ Koelewijn,A (2246)-Pekin,T (2238) EU-ch 2017 pr02 email}) 11. Nxd7 Qxd7 12. Bd3 Bf5 13. Qc2 Bxd3 14. Qxd3 O-O-O 15. O-O-O Qe6 16. Kb1 Kb8 17. Rhe1 Rd7 18. cxd5 cxd5 19. Ba3 Rc8 20. Rc1 Rdc7 21. Rxc7 Rxc7 22. Rc1 Rxc1+ 23. Kxc1 h4 24. Kd1 Bh6 25. g3 Bg5 26. Qb5 b6 27. Ke1 Kb7 28. Qd3 a6 29. Bb4 Nh5 30. Kd1 f5 31. a4 Nf6 32. Ba3 Qd7 (32... Ne4 {with more complications.} 33. Ke2 Nxd2 34. Kxd2 Qe4) 33. Qc2 e6 34. Qc3 Ne8 (34... h3 {feels hotter.} 35. a5 Qc6 36. Qb4 Nh7) 35. Qb4 hxg3 36. hxg3 Bd8 37. Qf8 Bc7 38. Qh8 b5 39. axb5 Qxb5 40. Qh7 Nf6 (40... Qd3 $2 41. Qe7 Qb5 42. Qxe6 $18) 41. Qe7 (41. Qf7 $5 Ne4 $8 42. Nxe4 Qxb3+ 43. Ke1 dxe4 44. Bd6 Qb1+ 45. Ke2 Qb5+ 46. Ke1 Qb1+ 47. Ke2 Qc2+ 48. Kf1 $11) 41... Ne4 42. Nxe4 {[%emt 0:00:36] Nd6+ would kill now.} Qxb3+ 43. Kd2 {[%emt 0:03:56] White wants to mate with Nc5+.} fxe4 $11 {[%emt 0:03:34][%mdl 4096] Endgame KQB-KQB} 44. Bd6 Qd3+ 45. Ke1 Qc3+ 46. Kf1 a5 47. Kg2 Qc6 48. Bxc7 Qxc7 49. Qxe6 {[%emt 0:00:01] KQ-KQ} a4 50. Qxd5+ Qc6 $2 (50... Kb6 $1 $11) 51. Qa5 Qa6 52. Qb4+ Kc6 53. Qc5+ Kd7 54. Qf5+ $1 Qe6 {[%emt 0:02:11] [#]} 55. Qb5+ Qc6 {[%emt 0:00:01] [#]} 56. Qf5+ (56. Qh5 $1 $18) 56... Qe6 $16 57. Qb5+ ({Better is} 57. Qh7+ Kd6 58. Qh5 (58. Qb7 Qc4 $16)) 57... Qc6 {[%emt 0:00:03] Weighted Error Value: White=0.11 (very precise) /Black=0.17 (very precise)} 1/2-1/2